 Dungeon Crawl Stone Soup version 0.29-a0-284-gf9362112df (webtiles) character file.

Game seed: 6134458019411226529

678 n8rtot the Ducker (level 7, -5/61 HPs)
             Began as a Minotaur Monk on Mar 26, 2022.
             Was a Believer of Fedhas.
             Slain by Duvessa
             ... wielding a +3 short sword
              (12 damage)
             ... on level 5 of the Dungeon.
             The game lasted 00:20:35 (4887 turns).

n8rtot the Ducker (Minotaur Monk)                   Turns: 4887, Time: 00:20:35

Health: -5/61      AC:  7    Str: 17    XL:     7   Next: 34%
Magic:  6/6        EV: 14    Int:  7    God:    Fedhas [**....]
Gold:   179        SH:  0    Dex: 13    Spells: 6/6 levels left

rFire   . . .      SeeInvis .   y - +2 long sword (holy)
rCold   . . .      Faith    .   k - orb {light}
rNeg    . . .      Spirit   .   b - +0 robe
rPois   .          Reflect  .   (helmet restricted)
rElec   .          Harm     .   r - +1 cloak
rCorr   .          Rampage  .   (no gloves)
Will    .....                   x - +2 pair of boots
Stlth   +.........              (no amulet)
HPRegen 0.20/turn               (no ring)
MPRegen 0.10/turn               (no ring)

@: glowing
A: horns 2, retaliatory headbutt
a: Renounce Religion, Wall of Briars


You were on level 5 of the Dungeon.
You worshipped Fedhas.
Fedhas was pleased with you.
You visited 1 branch of the dungeon, and saw 5 of its levels.

You collected 179 gold pieces.

Inventory:

Hand Weapons
 a - a +0 hand axe
 h - a +2 short sword of electrocution
 y - a +2 long sword of holy wrath (weapon)
Missiles
 i - 92 stones (quivered)
 p - 7 poisoned darts
Armour
 b - a +0 robe (worn)
 k - an orb of light (worn)
 r - a +1 cloak (worn)
 x - a +2 pair of boots (worn)
Magical Staves
 t - a staff of conjuration
Wands
 s - a wand of flame (18)
Scrolls
 e - a scroll of fog
 j - a scroll of noise
 n - a scroll of blinking {unknown}
 q - a scroll of teleportation
 u - 2 scrolls of immolation
 v - a scroll of magic mapping
Potions
 c - a potion of ambrosia
 d - 2 potions of cancellation
 f - 6 potions of attraction
 g - a potion of might {unknown}
 l - 3 potions of curing
 m - 2 potions of haste
 o - a potion of brilliance {unknown}
 w - 2 potions of flight


   Skills:
 + Level 5.5 Fighting
 - Level 4.5(4.6) Short Blades
 * Level 0.8(3.2) Long Blades
 - Level 4.5 Axes
 + Level 5.5 Dodging
 + Level 3.2 Stealth


You had 6 spell levels left.
You didn't know any spells.
Your spell library was empty.

Dungeon Overview and Level Annotations

Branches:
Dungeon (5/15)             Temple (0/1) D:4

Altars:
Fedhas
Zin

Annotations:
D:5 Duvessa, Grinder


Innate Abilities, Weirdness & Mutations

You have a pair of horns on your head.
You reflexively headbutt those who attack you in melee.


Message History

An orc comes into view. It is wielding a +0 hand axe.
Duvessa hits you with a +3 short sword!
* * * LOW HITPOINT WARNING * * *
The orc shouts!
Your surroundings suddenly seem different.
Found 20 stones and a scroll of identify.
You start resting.
You hear a shout! x11
An adder comes into view.
Found 19 gold pieces.
You hear a shout!
An ogre and an orc come into view.
The orc shouts!
Grinder comes into view.
An orc comes into view. It is wielding a +0 hand axe.
An orc wizard comes into view. It is wielding a +0 dagger.
The orc shouts!
The adder hisses angrily.
Found a stone staircase leading up.
You hear a shout!
The orc wizard points at you and mumbles some strange words.
The magic dart hits you.
* * * LOW HITPOINT WARNING * * *
You hear a shout!
The adder misses you. x2
You hear a shout!
You hear a shout!
The adder completely misses you. You furiously retaliate!
You headbutt the adder. The adder attacks as you move away!
The adder bites you but does no damage.
Found a fuming black potion.
Found a stone staircase leading down.
You hear a shout!
Duvessa rages.
The adder bites you but does no damage. The adder attacks as you move away!
The adder closely misses you. The adder attacks as you move away!
The adder bites you.
* * * LOW HITPOINT WARNING * * *
Duvessa attacks as you move away! Duvessa hits you with a +3 short sword!
You die...
Fedhas appreciates your contribution to the ecosystem.

.... .. ..............!...
. .................# .##.
................. .....
..........##>##.###.....
.........# #.##.#.......
.........###.............#
..#......oOo...S@........#
.............o..e........#
###................#.....#
###................##....#
........................#
..#....#................#
.......#............)...#
.........<...#.....o...###
...##.......##...##......#


You could see Duvessa (berserk), an ogre, an orc wizard, an adder and 3 orcs.

Vanquished Creatures
  Sigmund (D:3)
  A black bear (D:4)
  Blork the orc (D:5)
  Dowan (D:5)
  2 orc priests
  Jessica (D:2)
  2 orc wizards
  Robin (D:3)
  8 adders
  An ufetubus (D:5)
  A worm (D:2)
  3 dart slugs
  8 orcs
  4 endoplasms
  4 giant cockroaches
  13 goblins
  12 hobgoblins
  4 quokkas
  5 ball pythons
  4 bats
  2 frilled lizards
  5 kobolds
  5 rats
89 creatures vanquished.

Notes
Turn   | Place    | Note
-------+----------+-------------------------------------------
     0 | D:1      | n8rtot the Minotaur Monk began the quest for the Orb.
     0 | D:1      | Reached XP level 1. HP: 19/19 MP: 0/0
   359 | D:1      | Reached XP level 2. HP: 27/27 MP: 1/1
   812 | D:2      | Noticed Jessica
   820 | D:2      | Killed Jessica
   821 | D:2      | Reached XP level 3. HP: 11/33 MP: 2/2
  1342 | D:2      | Reached XP level 4. HP: 35/40 MP: 3/3
  1421 | D:2      | Found a faded altar of an unknown god.
  1974 | D:3      | Reached skill level 1 in Short Blades
  1974 | D:3      | Reached XP level 5. HP: 10/47 MP: 4/4
  2825 | D:3      | Noticed Sigmund
  2846 | D:3      | Killed Sigmund
  2847 | D:3      | Reached skill level 5 in Dodging
  2847 | D:3      | Reached XP level 6. HP: 13/55 MP: 5/5
  3137 | D:3      | Noticed Robin
  3154 | D:3      | Killed Robin
  3683 | D:4      | Found a blossoming altar of Fedhas.
  3687 | D:4      | Became a worshipper of Fedhas Madash
  3687 | D:4      | Reached * piety under Fedhas
  3687 | D:4      | Reached ** piety under Fedhas
  3777 | D:4      | Reached skill level 5 in Fighting
  4178 | D:4      | Found a glowing silver altar of Zin.
  4241 | D:4      | Reached XP level 7. HP: 35/61 MP: 6/6
  4448 | D:4      | Found a staircase to the Ecumenical Temple.
  4652 | D:5      | Entered Level 5 of the Dungeon
  4673 | D:5      | Noticed Blork the orc
  4680 | D:5      | Killed Blork the orc
  4810 | D:5      | Noticed Dowan
  4813 | D:5      | Noticed Duvessa
  4822 | D:5      | Killed Dowan
  4827 | D:5      | HP: 3/61 [Duvessa/+3 short sword (10)]
  4868 | D:5      | Noticed Grinder
  4887 | D:5      | Slain by Duvessa

Illustrated notes

Levels and vault maps discovered:
D:1:      eino_arrival_druids_welcome, layout_rooms, chequers_arboretum,
          minmay_statues_item, minmay_tromino_v2
D:2:      layout_basic, ebering_ecumenical_altar_hall, interstate_on_off,
          uniq_jessica
D:3:      layout_basic, uniq_robin, uniq_sigmund
D:4:      layout_loops_ring, kennysheep_mini_moat, kennysheep_mini,
          minmay_temple_entry_antechambers
D:5:      black_bear_nest_1, layout_cave_pools, mainiacjoe_overflow_brackets,
          mainiacjoe_overflow_surrounded_room,
          mainiacjoe_overflow_six_doors_small, minitemple, serial_shops,
          nicolae_shop_hallway_stairs, uniq_duvessa, uniq_menkaure,
          uniq_grinder, uniq_blork_the_orc

Skill      XL: |  1  2  3  4  5  6 |
---------------+-------------------+-----
Axes           | 4 |  4.5
Fighting       | 4 5 |  5.5
Dodging        | 4 5 |  5.5
Stealth        | 2 3 |  3.2
Short Blades   | 1 3 4 |  4.5
Long Blades    | |  0.8

Action                   |  1- 3 |  4- 6 |  7- 9 || total
-------------------------+-------+-------+-------++-------
Melee: Hand axe          |    36 |       |       ||    36
       Headbutt          |     6 |    26 |     6 ||    38
       Short sword       |    21 |   109 |    10 ||   140
       Punch             |     1 |       |       ||     1
       Long sword        |       |       |    10 ||    10
  Use: Scroll            |       |       |    10 ||    10
 Stab: Sleeping          |     1 |       |     1 ||     2
Armor: Robe              |     6 |     8 |     7 ||    21
Dodge: Dodged            |    45 |    56 |    18 ||   119

Table legend: (Time is in decaauts)
 A = Elapsed time spent in this place.
 B = Non-inter-level travel time spent in this place.
 C = Inter-level travel time spent in this place.
 D = Time resting spent in this place.
 E = Time spent auto-exploring this place.
 F = Levels seen in this place.
 G = Mean time per level.
                   A        B        C        D        E       F      G
               +--------+--------+--------+--------+--------+-----+--------+
         Total |   4890 |   4885 |      5 |   1084 |   2876 |   5 |  978.0 |
       Dungeon |   4890 |   4885 |      5 |   1084 |   2876 |   5 |  978.0 |
               +--------+--------+--------+--------+--------+-----+--------+

Top non-repeatable levels by time:
     D:3: 1688 daAuts
     D:2: 1128 daAuts
     D:4: 1022 daAuts
     D:1: 815 daAuts
     D:5: 235 daAuts
